 Dungeon Crawl Stone Soup version 0.30.1 (webtiles) character file.

Game seed: 6772648391169868547

37 BreadTh the Digger (level 3, -1/16 HPs)
             Began as a Spriggan Earth Elementalist on July 6, 2023.
             Succumbed to Sigmund's poison
             ... on level 2 of the Dungeon.
             The game lasted 00:03:22 (916 turns).

BreadTh the Digger (Spriggan Earth Elementalist)     Turns: 916, Time: 00:03:22

Health: -1/16      AC:  3    Str:  4    XL:     3   Next: 23%
Magic:  0/8        EV: 17    Int: 18    God:
Gold:   27         SH:  0    Dex: 15    Spells: 7/8 levels left

rFire   . . .        e - +0 dagger
rCold   . . .        (no shield)
rNeg    . . .        a - +0 robe
rPois   .            (helmet restricted)
rElec   .            f - +0 cloak
rCorr   .            (gloves unavailable)
SInv    +            (boots unavailable)
Will    .....        (no amulet)
Stlth   ++           (no ring)
HPRegen 0.22/turn    (no ring)
MPRegen 0.11/turn

%: no passive effects
@: brilliant, lethally poisoned (-1 -> -12), very slightly contaminated, hasted,
invisible, very quick
A: very small, no large weapons, unfitting armour, see invisible, speed 3
a: no special abilities


You were on level 2 of the Dungeon.
You visited 1 branch of the dungeon, and saw 2 of its levels.

You collected 27 gold pieces.

Inventory:

Hand Weapons
 e - a +0 dagger (weapon)
Missiles
 c - 18 stones
Armour
 a - a +0 robe (worn)
 f - a +0 cloak (worn)
 g - an orb of energy
Scrolls
 d - a scroll of brand weapon {unknown}
 i - a scroll of teleportation {unknown}
 j - a scroll of enchant armour {unknown}
 l - a scroll of immolation {unknown}
 m - 2 scrolls of identify {unknown}
Potions
 b - a potion of magic


   Skills:
 + Level 2.7 Dodging
 - Level 3.0 Stealth
 - Level 3.0 Spellcasting
 + Level 1.3 Transmutations
 * Level 3.8 Earth Magic


You had 7 spell levels left.
You knew the following spells:

 Your Spells              Type           Power      Damage    Failure   Level
a - Sandblast             Erth           48%        2d12      3%          1

Your spell library contained the following spells:

 Spells                   Type           Power      Damage    Failure   Level
 Passwall                 Tmut/Erth      15%        N/A       9%          2
 Stone Arrow              Conj/Erth      28%        3d8       22%         3
 Petrify                  Tmut/Erth      18%        N/A       50%         4
 Animate Armour           Summ/Erth      28%        N/A       58%         4
 Lehudib's Crystal Spear  Conj/Erth      7%         10d3      100%        8


Dungeon Overview and Level Annotations

Branches:
Dungeon (2/15)

Altars:

Annotations:
D:2 Sigmund


Innate Abilities, Weirdness & Mutations

You are very small and have problems with some larger weapons.
You are too small for most types of armour.
You have supernaturally acute eyesight. (SInv)
You cover ground extremely quickly. (Speed+++)


Message History

Aim: Sigmund, wielding a +0 scythe of venom and wearing a +0 robe (lightly wounded, 80% to hit)
The blast of sand hits Sigmund!
Sigmund is heavily wounded.
Sigmund closely misses you.
Casting: Sandblast (safe; 3% risk of failure)
Confirm with . or Enter, or press ? or * to list all spells.
Aiming: Sandblast (safe; 3% risk of failure)
Press: ? - help, Shift-Dir - straight line, f/p - Sigmund
Aim: Sigmund, wielding a +0 scythe of venom and wearing a +0 robe (heavily wounded, 80% to hit)
The blast of sand hits Sigmund.
Sigmund is heavily wounded.
Sigmund gestures at you while chanting. You resist with some effort.
Casting: Sandblast (safe; 3% risk of failure)
Confirm with . or Enter, or press ? or * to list all spells.
Aiming: Sandblast (safe; 3% risk of failure)
Press: ? - help, Shift-Dir - straight line, f/p - Sigmund
Aim: Sigmund, wielding a +0 scythe of venom and wearing a +0 robe (heavily wounded, 80% to hit)
You miscast Sandblast.
You are very lightly contaminated with residual magic.
Nothing appears to happen.
Sigmund closely misses you.
Casting: Sandblast (safe; 3% risk of failure)
Confirm with . or Enter, or press ? or * to list all spells.
Aiming: Sandblast (safe; 3% risk of failure)
Press: ? - help, Shift-Dir - straight line, f/p - Sigmund
Aim: Sigmund, wielding a +0 scythe of venom and wearing a +0 robe (heavily wounded, 80% to hit)
The blast of sand hits Sigmund.
Sigmund is severely wounded.
Sigmund hits you from afar with a +0 scythe of venom!
Ouch! That really hurt!
* * * LOW HITPOINT WARNING * * *
It was a potion of brilliance.
You feel clever all of a sudden.
It was a potion of haste.
You feel yourself speed up.
Sigmund hits you from afar with a +0 scythe of venom.
* * * LOW HITPOINT WARNING * * *
You are lethally poisoned!
It was a potion of invisibility.
You fade into invisibility!
You die...

......r$....
..........
........
......# ......
....## #@#@.
#.#.# #†#@#
#.#.# #.#.#
#####.#.####
....#......##
.............##
..............#
..........<...#
).............#


You could see Sigmund (unable to see you).

Vanquished Creatures
  An adder (D:2)
  2 dart slugs (D:1)
  3 ball pythons (D:1)
  2 endoplasms (D:2)
  A giant cockroach (D:2)
  3 goblins
  4 hobgoblins
  2 quokkas (D:1)
  2 bats (D:1)
  A frilled lizard (D:2)
  A kobold (D:1)
  2 rats (D:2)
24 creatures vanquished.

Notes
Turn   | Place    | Note
-------+----------+-------------------------------------------
     0 | D:1      | BreadTh the Spriggan Earth Elementalist began the quest for
                  | the Orb.
     0 | D:1      | Reached XP level 1. HP: 9/9 MP: 5/5
   261 | D:1      | Reached XP level 2. HP: 13/13 MP: 5/7
   770 | D:2      | Reached XP level 3. HP: 16/16 MP: 3/8
   891 | D:2      | Noticed Sigmund
   916 | D:2      | Succumbed to Sigmund's poison

Illustrated notes

Levels and vault maps discovered:
D:1:      dpeg_arrival_chambers_temple_mockup, layout_loops_ring,
          minmay_bisected
D:2:      layout_rooms, uniq_sigmund

Skill      XL: |  1 |
---------------+----+-----
Earth Magic    | 3 |  3.8
Spellcasting   | 3 |  3.0
Dodging        | |  2.7
Stealth        | |  3.0
Transmutations | |  1.3

Action                     || total
---------------------------++-------
  Melee: Dagger            ||     1
   Cast: Sandblast         ||    38
    Use: Potion            ||     3
 Armour: Robe              ||     5
  Dodge: Dodged            ||    14
